 Dungeon Crawl Stone Soup version 0.20.1-1-g8b1a95d (webtiles) character file.

130 SymbioosiTheGreat the Slasher (level 4, -1/40 HPs)
             Began as a Minotaur Berserker on Nov 10, 2017.
             Was a Believer of Trog.
             Slain by a worker ant (3 damage)
             ... on level 4 of the Dungeon.
             The game lasted 00:10:07 (2058 turns).

SymbioosiTheGreat the Slasher (Minotaur Berserker)  Turns: 2058, Time: 00:10:08

Health: -1/40      AC:  5    Str: 23    XL:     4   Next: 90%
Magic:  3/3        EV: 12    Int:  4    God:    Trog [**....]
Gold:   104        SH:  0    Dex:  9    Spells: 3/3 levels left

rFire    + . .     SeeInvis .   a - +0 falchion
rCold    . . .     Gourm    .   (no shield)
rNeg     . . .     Faith    .   m - +0 ring mail
rPois    .         Spirit   .   (helmet restricted)
rElec    .         Reflect  .   (no cloak)
rCorr    .         Harm     .   (no gloves)
MR       .....                  (no boots)
Stlth    ++........             (no amulet)
Regen    0.2/turn               f - ring of protection from fire
MPRegen  0.1/turn               i - ring of stealth

@: lethally poisoned (-1 -> -4)
A: retaliatory headbutt, horns 2
a: Berserk, Trog's Hand, Burn Spellbooks, Renounce Religion


You were on level 4 of the Dungeon.
You worshipped Trog.
Trog was pleased with you.
You were not hungry.

You visited 1 branch of the dungeon, and saw 4 of its levels.

You collected 104 gold pieces.

Inventory:

Hand Weapons
 a - a +0 falchion (weapon)
Armour
 m - a +0 ring mail (worn)
Jewellery
 f - a ring of protection from fire (left hand)
 i - a ring of stealth (right hand)
Wands
 r - a wand of confusion (18/48)
Scrolls
 d - a scroll of remove curse
 h - 2 scrolls of fear {unknown}
 j - a scroll of teleportation {unknown}
 k - a scroll of immolation {unknown}
 l - a scroll of fog {unknown}
 n - a scroll of identify {unknown}
 t - a scroll of blinking {unknown}
Potions
 b - 2 potions of ambrosia {unknown}
 e - a potion of agility {unknown}
 o - a potion of mutation {unknown}
 p - 3 potions of haste {unknown}
 q - 2 potions of curing {unknown}
 s - a potion of flight {unknown}
 u - a potion of might {unknown}
Comestibles
 c - a bread ration
 g - a royal jelly


   Skills:
 + Level 4.2 Fighting
 + Level 5.2 Long Blades
 + Level 3.2 Armour
 + Level 3.1 Dodging
 + Level 1.0 Stealth


You had 3 spell levels left.
You didn't know any spells.

Dungeon Overview and Level Annotations

Branches:
Dungeon (4/15)
 Temple: D:4-7

Altars:
Gozag
Nemelex Xobeh
Zin

Portals:
Ossuary: D:4


Innate Abilities, Weirdness & Mutations

You reflexively headbutt those who attack you in melee.
You have a pair of horns on your head.


Message History

The orc priest is severely wounded.
The orc priest hits you but does no damage.
The dart slug bites you.
* * * LOW HITPOINT WARNING * * *
The worker ant closely misses you.
You riposte.
You hit the worker ant. Your headbutt misses the worker ant.
The worker ant is moderately wounded.
You closely miss the orc priest.
The orc priest is severely wounded.
* * * LOW HITPOINT WARNING * * *
You feel sick. The orc priest closely misses you. You furiously retaliate!
You headbutt the orc priest, but do no damage.
The worker ant misses you.
You riposte.
You slash the worker ant!
The worker ant is severely wounded.
The dart slug closely misses you. You furiously retaliate!
You headbutt the dart slug. You barely miss the orc priest.
The orc priest is severely wounded.
The worker ant bites you.
You die...

...... ## ......
#.. #..<... ....
.......
#...####.......
#................
......#.........#
.
##............o#..
#....w@#####.....∩
#.####ao####o....
##o.#.....#
##...#.# ##....#
#.#### #.# ..#
..Z.


You could see a worker ant, an orc priest, an orc wizard and a dart slug.

Vanquished Creatures
  Jessica (D:3)
  2 adders
  3 oozes
  An adder skeleton (D:4)
  3 worms
  A leopard gecko (D:1)
  2 orcs (D:4)
  2 ball pythons
  2 giant cockroaches
  11 goblins
  6 hobgoblins
  3 jackals (D:1)
  3 kobolds
  A quokka (D:2)
  4 bats
  5 frilled lizards
  11 rats
61 creatures vanquished.

Notes
Turn   | Place    | Note
-------+----------+-------------------------------------------
     0 | D:1      | SymbioosiTheGreat the Minotaur Berserker began the quest for the Orb.
     0 | D:1      | Reached XP level 1. HP: 19/19 MP: 0/0
    47 | D:1      | Reached XP level 2. HP: 13/27 MP: 1/1
   315 | D:1      | Reached skill level 4 in Long Blades
   717 | D:2      | Reached XP level 3. HP: 28/33 MP: 2/2
   770 | D:2      | Reached ** piety under Trog
  1101 | D:2      | Found an opulent altar of Gozag.
  1102 | D:2      | Found a glowing silver altar of Zin.
  1325 | D:3      | Found a sparkling altar of Nemelex Xobeh.
  1496 | D:3      | Reached XP level 4. HP: 25/40 MP: 3/3
  1738 | D:3      | Noticed Jessica
  1744 | D:3      | Killed Jessica
  1744 | D:3      | Reached skill level 5 in Long Blades
  1744 | D:3      | Reached skill level 1 in Stealth
  2038 | D:4      | Found a sand-covered staircase.
  2056 | D:4      | HP: 2/40 [dart slug (1)]
  2058 | D:4      | Slain by a worker ant

Skill      XL: |  1  2  3  4 |
---------------+-------------+-----
Long Blades    | 4 5 |  5.2
Fighting       | 4 |  4.2
Stealth        | 1 |  1.0
Dodging        | 3 |  3.1
Armour         | 3 |  3.2

Action                   |  1- 3 |  4- 6 || total
-------------------------+-------+-------++-------
Melee: Falchion          |    95 |    41 ||   136
       Headbutt          |    11 |     6 ||    17
Invok: Berserk           |       |     1 ||     1
  Use: Scroll            |     1 |       ||     1
 Stab: Sleeping          |     1 |       ||     1
  Eat: Chunk             |     1 |       ||     1
       Meat ration       |       |     1 ||     1
       Fruit             |       |     1 ||     1
Armor: Animal skin       |     5 |       ||     5
       Leather armour    |    12 |       ||    12
       Ring mail         |     1 |    12 ||    13
Dodge: Dodged            |    58 |    33 ||    91
       Rpst.: Falchion   |    20 |    13 ||    33
